 Dungeon Crawl Stone Soup version 0.29.1-13-g9f3cf754e1 (webtiles) character file.

Game seed: 2945255197745207179

6142 theswoord the Frost Mage (level 10, -1/83 (94) HPs)
             Began as a Naga Ice Elementalist on Feb 5, 2023.
             Was a Priest of Kikubaaqudgha.
             Slain by a wight
             ... wielding a +2 halberd of freezing
              (3 damage)
             ... on level 8 of the Dungeon.
             The game lasted 00:23:33 (10161 turns).

theswoord the Frost Mage (Naga Ice Elementalist)   Turns: 10161, Time: 00:23:34

HP:   -1/83 (94)    AC: 23    Str: 11    XL:     10   Next: 90%
MP:   17/20         EV:  7    Int: 20    God:    Kikubaaqudgha [***...]
Gold: 415           SH:  0    Dex: 11    Spells: 3/23 levels left

rFire   . . .      SeeInvis +   m - +1 dagger (pain)
rCold   . . .      Faith    +   (no shield)
rNeg    . . .      Spirit   .   a - +0 robe
rPois   +          Reflect  .   (no helmet)
rElec   .          Harm     .   v - +0 cloak
rCorr   .          Rampage  .   (no gloves)
Will    +....                   k - +1 barding
Stlth   ++........              i - amulet of faith
HPRegen 0.00/turn               g - +4 ring of protection
MPRegen 0.17/turn               p - +4 ring of slaying

@: ice-armoured, about to teleport, inhibited regen, heavily drained, very slow
A: AC +3, large, see invisible, deformed body, poison resistance, slowness 2,
spit poison 1, naga tail 1, fangs 1, inhibited regeneration
a: Spit Poison, Renounce Religion, Unearth Wretches


You were on level 8 of the Dungeon.
You worshipped Kikubaaqudgha.
Kikubaaqudgha was most pleased with you.
You visited 1 branch of the dungeon, and saw 8 of its levels.

You collected 415 gold pieces.

Inventory:

Hand Weapons
 c - a +0 spear
 m - a +1 dagger of pain (weapon)
Armour
 a - a +0 robe (worn)
 b - +0 swamp dragon scales
 k - a +1 barding (worn)
 v - a +0 cloak (worn)
Jewellery
 d - the ring of Lemm {rPois Int+2}
   (You found it on level 7 of the Dungeon)

   [ring of poison resistance]

   Int:       It affects your intelligence (+2).
   rPois:     It protects you from poison.
 g - a +4 ring of protection (left hand)
 i - an amulet of faith (around neck)
 j - a ring of resist corrosion
 p - a +4 ring of slaying (right hand)
 r - a ring of positive energy
 s - a +6 ring of strength
 t - an amulet of guardian spirit
Wands
 q - a wand of digging (11)
 y - a wand of mindburst (18)
Scrolls
 e - 3 scrolls of identify
 f - a scroll of magic mapping
 h - 2 scrolls of teleportation
 l - 2 scrolls of amnesia
 u - a scroll of enchant weapon
 w - a scroll of fear
 x - a scroll of enchant armour
Potions
 o - 3 potions of attraction
 A - a potion of flight
 B - a potion of curing


   Skills:
 + Level 7.1 Fighting
 - Level 1.5 Dodging
 - Level 3.0 Stealth
 - Level 7.0 Spellcasting
 * Level 8.2 Necromancy
 * Level 10.1 Ice Magic


You had 3 spell levels left.
You knew the following spells:

 Your Spells              Type           Power      Damage    Failure   Level
a - Freeze                Ice            100%       1d11      1%          1
b - Frozen Ramparts       Ice            94%        1d15      1%          3
c - Ozocubu's Armour      Ice            47%        N/A       1%          3
d - Vampiric Draining     Necr           39%        2d8       1%          3
e - Animate Dead          Necr           39%        N/A       3%          4
f - Simulacrum            Ice/Necr       21%        N/A       32%         6

Your spell library contained the following spells:

 Spells                   Type           Power      Damage    Failure   Level
 Necrotise                Necr           100%       1d9       1%          1
 Beastly Appendage        Tmut           14%        N/A       10%         1
 Summon Small Mammal      Summ           28%        N/A       10%         1
 Wereblood                Tmut           7%         N/A       14%         2
 Call Canine Familiar     Summ           7%         N/A       28%         3
 Spider Form              Tmut/Pois      7%         N/A       28%         3
 Summon Guardian Golem    Hex/Summ       7%         N/A       28%         3
 Dispel Undead            Necr           39%        3d16      3%          4
 Agony                    Necr           39%        N/A       9%          5
 Hailstorm                Conj/Ice       27%        3d7       12%         4
 Anguish                  Hex/Necr       11%        N/A       17%         4
 Corpse Rot               Necr/Pois/Air  18%        N/A       30%         4
 Borgnjor's Vile Clutch   Necr/Erth      11%        N/A       43%         5


Dungeon Overview and Level Annotations

Branches:
Dungeon (8/15)             Temple (0/1) D:5
   Lair: D:8-11

Altars:
Dithmenos
Gozag
Kikubaaqudgha
Makhleb
Nemelex Xobeh
Xom

Annotations:
D:4 2 transporters, diceflayer's ghost, amateur DsHu
D:5 Ijyb
D:7 3 runed translucent doors


Innate Abilities, Weirdness & Mutations

Your serpentine skin is tough. (AC +3)
You have supernaturally acute eyesight. (SInv)
Armour fits poorly on your strangely shaped body.
Your system is resistant to poisons. (rPois)
You cover ground very slowly.
You can spit poison.
You have a snake-like lower body.
You have very sharp teeth.
You do not regenerate when monsters are visible.


Message History

The wight freezes you.
* * * LOW HITPOINT WARNING * * *
You closely miss the wight.
The wight is almost destroyed.
The wight hits you with a +0 battleaxe.
* * * LOW HITPOINT WARNING * * *
The wight hits you from afar with a +2 halberd of freezing.
* * * LOW HITPOINT WARNING * * *
You feel drained. The wight freezes you.
* * * LOW HITPOINT WARNING * * *
You hit the wight.
You destroy the wight!
Kikubaaqudgha accepts your kill. The wight closely misses you.
Your icy armour will break if you move.
Continue? [Y]es or [N]o only, please.
Your icy armour will break if you move.
Continue?
Okay, then.
Your icy armour will break if you move.
Continue?
Your icy armour cracks and falls away as you move.
The wight hits you with a +2 halberd of freezing.
* * * LOW HITPOINT WARNING * * *
The wight freezes you.
* * * LOW HITPOINT WARNING * * *
Casting: Ozocubu's Armour (safe; 1% risk of failure)
Confirm with . or Enter, or press ? or * to list all spells.
A film of ice covers your body!
The wight hits you with a +2 halberd of freezing!
* * * LOW HITPOINT WARNING * * *
The wight freezes you.
* * * LOW HITPOINT WARNING * * *
A wight is nearby!
You feel better. The wight barely misses you.
As you read the scroll of teleportation, it crumbles to dust.
You feel strangely unstable.
The wight hits you with a +2 halberd of freezing.
* * * LOW HITPOINT WARNING * * *
You feel drained. The wight freezes you.
You die...
Kikubaaqudgha rasps: "You have failed me!
Welcome... death!"

#).....#####.........
#.)....#≈≈≈~.....~~~~
#.....~~###~~~~~....≈
#......## #...~~~~~~~
#......# ##......≈.~
#......# #...~~~..~
#......# #....~~~~~
#..).).# #.........
#...@..# ###.......
#...z..# #........
#......# #........
#......# ##...##..
+......# ######..
#......# #...
#......# #...
#......# ####


You could see a wight.

Vanquished Creatures
  2 two-headed ogres (D:8)
  A manticore (D:8)
  Maggie (D:6)
  A wyvern (D:8)
  10 yaks
  3 sky beasts
  An orc warrior (D:8)
  3 ice beasts (D:8)
  An ogre (D:6)
  2 wolves (D:8)
  2 kobold brigands
  2 bullfrogs
  2 scorpions
  A necrophage (D:5)
  11 wights (D:8)
  2 hounds (D:5)
  3 orc priests
  A jelly (D:5)
  3 iguanas
  7 orc wizards
  A killer bee simulacrum (D:8)
  7 gnolls
  12 adders
  3 river rats (D:3)
  A shadow imp (D:6)
  2 ufetubi
  7 worms
  4 dart slugs
  23 orcs
  3 ball pythons
  6 endoplasms
  8 giant cockroaches
  5 hobgoblins
  5 jackals
  13 kobolds
  3 quokkas
  4 bats
  6 frilled lizards
  10 goblins
  9 rats
191 creatures vanquished.

Vanquished Creatures (collateral kills)
  An iguana (D:7)
  An orc (D:8)
2 creatures vanquished.

Vanquished Creatures (others)
  A human (D:3)
  A wyvern zombie (D:8)
  An orc zombie (D:8)
  15 plants (D:2)
18 creatures vanquished.

Grand Total: 211 creatures vanquished

Notes
Turn   | Place    | Note
-------+----------+-------------------------------------------
     0 | D:1      | theswoord the Naga Ice Elementalist began the quest for the
                  | Orb.
     0 | D:1      | Reached XP level 1. HP: 15/15 MP: 3/3
   112 | D:1      | Reached XP level 2. HP: 11/22 MP: 5/5
   414 | D:1      | HP: 1/33 [frilled lizard (3)]
   795 | D:1      | Reached XP level 3. HP: 18/28 MP: 6/6
  1968 | D:1      | Learned a level 3 spell: Frozen Ramparts
  1972 | D:1      | Learned a level 3 spell: Ozocubu's Armour
  2001 | D:2      | Reached XP level 4. HP: 27/36 MP: 1/8
  2179 | D:2      | Found a faded altar of an unknown god.
  2200 | D:2      | Reached skill level 5 in Ice Magic
  2639 | D:3      | Reached XP level 5. HP: 38/42 MP: 3/10
  3039 | D:3      | Found an ancient bone altar of Kikubaaqudgha.
  3040 | D:3      | Noticed a human
  3043 | D:3      | Became a worshipper of Kikubaaqudgha
  3043 | D:3      | Killed a human
  3110 | D:3      | Found a glowing drain.
  3308 | D:3      | Reached XP level 6. HP: 48/49 MP: 9/12
  3475 | D:3      | Reached * piety under Kikubaaqudgha
  3475 | D:3      | Received a gift from Kikubaaqudgha
  3859 | D:4      | Found a transporter.
  3862 | D:4      | Noticed diceflayer's ghost (amateur DsHu)
  3883 | D:4      | Found a transporter.
  3978 | D:4      | Found an opulent altar of Gozag.
  4950 | D:5      | Entered Level 5 of the Dungeon
  4985 | D:5      | Reached skill level 1 in Fighting
  4985 | D:5      | Reached skill level 1 in Necromancy
  4988 | D:5      | Reached skill level 6 in Ice Magic
  5035 | D:5      | Found a sparkling altar of Nemelex Xobeh.
  5142 | D:5      | Found a staircase to the Ecumenical Temple.
  5207 | D:5      | Reached XP level 7. HP: 52/57 MP: 9/13
  5647 | D:5      | Found a burning altar of Makhleb.
  5885 | D:5      | Found a shimmering altar of Xom.
  5887 | D:5      | Noticed Ijyb
  5960 | D:6      | Noticed a yak
  5961 | D:6      | Noticed a yak
  5962 | D:6      | Noticed a yak
  5963 | D:6      | Noticed a yak
  5976 | D:5      | Killed a yak
  5977 | D:5      | Reached skill level 5 in Spellcasting
  6113 | D:6      | Reached XP level 8. HP: 68/68 MP: 11/15
  6150 | D:6      | Found a shadowy altar of Dithmenos.
  6164 | D:6      | Reached ** piety under Kikubaaqudgha
  6446 | D:6      | Noticed Maggie
  6454 | D:6      | Reached skill level 7 in Ice Magic
  6462 | D:6      | Noticed a yak
  6465 | D:6      | HP: 2/72 [yak (11)]
  6466 | D:6      | Noticed a yak
  6466 | D:6      | Gained mutation: You are frail. (-10% HP) [potion of
                  | mutation]
  6466 | D:6      | Gained mutation: You are partially covered in iridescent
                  | scales. (AC +2) [potion of mutation]
  6471 | D:6      | Lost mutation: You are frail. (-10% HP) [potion of
                  | mutation]
  6471 | D:6      | Lost mutation: You are partially covered in iridescent
                  | scales. (AC +2) [potion of mutation]
  6471 | D:6      | Gained mutation: You do not regenerate when monsters are
                  | visible. [potion of mutation]
  6471 | D:6      | Gained mutation: You have very sharp teeth. [potion of
                  | mutation]
  6472 | D:6      | Killed a yak
  6474 | D:6      | Killed a yak
  6475 | D:6      | Reached XP level 9. HP: 16/79 MP: 14/18
  6478 | D:6      | Killed Maggie
  6994 | D:6      | Reached skill level 5 in Fighting
  6994 | D:6      | Reached skill level 5 in Necromancy
  6998 | D:6      | Reached skill level 8 in Ice Magic
  7580 | D:7      | Found a runed translucent door.
  7580 | D:7      | Noticed an unseen horror
  7580 | D:7      | Noticed a troll
  7580 | D:7      | Noticed a troll
  7580 | D:7      | Noticed an unseen horror
  7581 | D:7      | Found a runed translucent door.
  7581 | D:7      | Noticed a manticore
  7582 | D:7      | Found a runed translucent door.
  7582 | D:7      | Noticed a deep elf pyromancer
  7627 | D:7      | Identified the ring of Lemm {rPois Int+2}
  8374 | D:8      | Learned a level 3 spell: Vampiric Draining
  8390 | D:8      | Learned a level 4 spell: Animate Dead
  8548 | D:8      | Reached *** piety under Kikubaaqudgha
  8548 | D:8      | Received a gift from Kikubaaqudgha
  8722 | D:8      | Noticed a two-headed ogre
  8848 | D:8      | Learned a level 6 spell: Simulacrum
  8883 | D:8      | Noticed a manticore
  8891 | D:8      | Killed a manticore
  8892 | D:8      | Reached XP level 10. HP: 69/91 MP: 10/20
  8992 | D:8      | Reached skill level 9 in Ice Magic
  9007 | D:8      | Killed a two-headed ogre
  9749 | D:8      | Noticed a two-headed ogre
  9757 | D:8      | Killed a two-headed ogre
  9916 | D:8      | Reached skill level 10 in Ice Magic
 10159 | D:8      | HP: 3/85 [wight/+2 halberd of freezing (2)]
 10161 | D:8      | Slain by a wight

Skill      XL: |  1  2  3  4  5  6  7  8  9 10 |
---------------+-------------------------------+-----
Spellcasting   | 3 4 5 6 7 |  7.0
Ice Magic      | 5 6 7 8 10 | 10.1
Fighting       | 1 2 4 6 7 |  7.1
Necromancy     | 1 2 4 6 8 |  8.2
Dodging        | |  1.5
Stealth        | |  3.0

Action                   |  1- 3 |  4- 6 |  7- 9 | 10-12 || total
-------------------------+-------+-------+-------+-------++-------
Melee: Spear             |    52 |     7 |       |       ||    59
       Unarmed           |     6 |       |       |       ||     6
       Dagger            |       |    86 |   138 |    89 ||   313
       Punch             |       |     1 |     3 |     2 ||     6
       Bite              |       |       |    10 |    17 ||    27
 Cast: Freeze            |    27 |    43 |    17 |       ||    87
       Frozen Ramparts   |     1 |    16 |    23 |     9 ||    49
       Ozocubu's Armour  |     1 |     3 |    10 |     9 ||    23
       Animate Dead      |       |       |     2 |       ||     2
  Use: Potion            |     1 |       |    14 |     4 ||    19
       Scroll            |       |     8 |     8 |     1 ||    17
 Stab: Sleeping          |     6 |     1 |       |       ||     7
       Distracted        |     3 |     1 |       |       ||     4
Armor: Robe              |    14 |    88 |   126 |    45 ||   273
Dodge: Dodged            |    30 |    55 |    67 |    57 ||   209

Levels and vault maps discovered:
D:1:      saegor_arrival_miasma, layout_loops_ring
D:2:      layout_basic, dilly_ecumenical_altar_fadedgnrine, grunt_ministairs_10,
          chequers_decorated_corner
D:3:      layout_loops_ring, tgw_kikubaaqudgha, lightli_sewer_entry_pipes,
          nicolae_elevator_lobby_asterisk
D:4:      layout_layer_cave, nicolae_gozag_seed_capital,
          gammafunk_ghost_mausoleum, minivault_19
D:5:      layout_basic, bloody_makhleb, nicolae_overflow_hidden_temple,
          minmay_temple_entry_ruins, uniq_ijyb
D:6:      layout_basic, nicolae_overflow_crystal_walls, serial_corexii_hall,
          corexii_hall_statues_i, corexii_hall_statues_l, uniq_maggie
D:7:      minmay_the_grid_triangle_9x9_rhombus_full
          [minmay_the_grid_triangle_9x9_shrine,
          minmay_the_grid_triangle_9x9_corrupted_corridor,
          minmay_the_grid_triangle_9x9_fully_insulated_deathbox,
          minmay_the_grid_triangle_9x9_subtriangle,
          minmay_the_grid_triangle_9x9_skeleton,
          minmay_the_grid_triangle_9x9_pentomino_pain,
          minmay_the_grid_triangle_9x9_impossible_snake,
          minmay_the_grid_triangle_9x9_prize_top_heavy], layout_basic
D:8:      layout_gridville, gammafunk_temple_overflow_elements, serial_ice,
          serial_ice_k, serial_ice_a, serial_ice_e, serial_ice_f, serial_ice_c,
          serial_ice_o, serial_ice_n, chequers_serial_rivers_small_a
